 Dungeon Crawl Stone Soup version 0.30-a0-1094-g860fb061e7 (webtiles) character file.

Game seed: 15310572540397707574

662 BillyBaka the Shooter (level 7, 0/60 HPs)
             Began as a Minotaur Hunter on Apr 17, 2023.
             Was an Initiate of Yredelemnul.
             Slain by an orc warrior
             ... wielding a +0 battleaxe
              (13 damage)
             ... on level 6 of the Dungeon.
             The game lasted 00:19:39 (3995 turns).

BillyBaka the Shooter (Minotaur Hunter)             Turns: 3995, Time: 00:19:40

Health: 0/60       AC:  4    Str: 16    XL:     7   Next: 30%
Magic:  0/6        EV: 13    Int:  6    God:    Yredelemnul [......]
Gold:   302        SH:  0    Dex: 15    Spells: 6/6 levels left

rFire   . . .      SeeInvis .    a - +0 shortbow
rCold   . . .      Faith    .    (shield currently unavailable)
rNeg    . . .      Spirit   +    c - +0 leather armour
rPois   .          Reflect  .    (helmet restricted)
rElec   .          Rampage  .    (no cloak)
rCorr   .                        x - +0 pair of gloves
Will    .....                    (no boots)
Stlth   +                        y - amulet of guardian spirit
HPRegen 0.30/turn                r - ring of flight
MPRegen 0.10/turn                (no ring)

@: confused, ambrosia-drunk, flying
A: horns 2, retaliatory headbutt
a: Renounce Religion, Recall Undead Harvest


You were on level 6 of the Dungeon.
You worshipped Yredelemnul.
Yredelemnul was noncommittal.
You visited 1 branch of the dungeon, and saw 6 of its levels.

You collected 302 gold pieces.

Inventory:

Hand Weapons
 a - a +0 shortbow (weapon)
Missiles
 v - 6 javelins
Armour
 c - a +0 leather armour (worn)
 x - a +0 pair of gloves (worn)
Jewellery
 r - a ring of flight (left hand)
 y - an amulet of guardian spirit (around neck)
Wands
 o - a wand of paralysis (9)
Scrolls
 b - a scroll of immolation
 d - 8 scrolls of identify {unknown}
 e - 3 scrolls of teleportation {unknown}
 f - 2 scrolls of fear {unknown}
 i - 5 scrolls of amnesia {unknown}
 j - a scroll of noise {unknown}
 m - 4 scrolls of blinking {unknown}
 q - a scroll of torment {unknown}
 t - a scroll of magic mapping {unknown}
 w - 2 scrolls of poison {unknown}
Potions
 g - a potion of degeneration {unknown}
 h - a potion of ambrosia
 k - a potion of brilliance {unknown}
 l - 2 potions of heal wounds {unknown}
 n - a potion of might {unknown}
 p - 2 potions of curing {unknown}
 s - 2 potions of mutation {unknown}
 u - 2 potions of attraction {unknown}


   Skills:
 + Level 4.7 Fighting
 * Level 7.0 Ranged Weapons
 + Level 1.4 Armour
 + Level 4.3 Dodging
 + Level 3.1 Stealth


You had 6 spell levels left.
You didn't know any spells.
Your spell library contained the following spells:

 Spells                   Type           Power      Damage    Failure   Level
 Sublimation of Blood     Necr           0%         N/A       67%         2
 Wereblood                Tmut           0%         N/A       67%         2
 Iskenderun's Battlesphe  Conj           0%         2d6       100%        5
 Conjure Ball Lightning   Conj/Air       0%         3x3d6     100%        6
 Iron Shot                Conj/Erth      0%         9d1       100%        6
 Spellforged Servitor     Conj/Summ      0%         N/A       100%        7
 Summon Hydra             Summ           0%         N/A       100%        7
 Discord                  Hex            0%         N/A       100%        8
 Disjunction              Tloc           0%         N/A       100%        8


Dungeon Overview and Level Annotations

Branches:
Dungeon (6/15)             Temple (0/1) D:6

Altars:
Fedhas
Okawaru
Qazlal
Uskayaw
Yredelemnul

Annotations:
D:5 2 transporters, Darkkill's ghost, amateur MiHu


Innate Abilities, Weirdness & Mutations

You have a pair of horns on your head.
You reflexively headbutt those who attack you in melee.


Message History

The orc warrior hits you with a +0 battleaxe!
The orc warrior barely misses you.
You shoot an arrow.
The arrow hits the orc warrior but does no damage.
The orc warrior is severely wounded.
The orc warrior hits you with a +0 battleaxe!!
You are too injured to fight recklessly!
Fire: a) +0 shortbow
Press: ? - help, Q - select action, (/) - cycle Shift-Dir - straight line, f/p - orc warrior
Aim: an orc warrior, wielding a +0 battleaxe and wearing a +0 plate armour (severely wounded, 64% to hit)
You shoot an arrow.
The arrow barely misses the orc warrior.
The arrow hits the orc!
You kill the orc!
The dead are walking!
The orc warrior hits you with a +0 battleaxe!
* * * LOW HITPOINT WARNING * * *
Fire: a) +0 shortbow
Press: ? - help, Q - select action, (/) - cycle Shift-Dir - straight line, f/p - orc warrior
Aim: an orc warrior, wielding a +0 battleaxe and wearing a +0 plate armour (heavily wounded, ally target, 64% to hit)
You shoot an arrow.
The arrow hits the orc warrior but does no damage.
The orc warrior is heavily wounded.
The orc warrior hits you with a +0 battleaxe!
* * * LOW HITPOINT WARNING * * *
Fire: a) +0 shortbow
Press: ? - help, Q - select action, (/) - cycle Shift-Dir - straight line, f/p - orc warrior
Aim: an orc warrior, wielding a +0 battleaxe and wearing a +0 plate armour (heavily wounded, ally target, 64% to hit)
You shoot an arrow.
The arrow closely misses the orc warrior.
The orc warrior closely misses you. The orc warrior misses you.
You furiously retaliate!
You headbutt the orc warrior.
The orc warrior hits your orc zombie with a +0 battleaxe!
Your orc zombie is destroyed!
It was a potion of ambrosia.
You are confused.
You feel invigorated.
The orc warrior hits you with a +0 battleaxe!!
You die...
Your body rises from the dead as a mindless zombie.

#...#.# ... #...... ...
#.#.#.# ... #####.#..
#o# .....### #Z# #..###
#.# #.....
#)################.#.##
#...)o@.........#......
#############..~§~...##
#.~~§§~.... #~~§~~§~###
#~§~>§§~# #~~§~~§~..
#.~~~~~.#.# #..§~~.....
###......##


You could see an orc warrior.

Vanquished Creatures
  A bullfrog (D:6)
  A scorpion (D:5)
  2 jellies (D:4)
  An orc priest (D:4)
  A gnoll bouda (D:4)
  2 hounds
  An orc wizard (D:4)
  7 gnolls
  7 adders
  A shadow imp (D:5)
  2 dart slugs
  8 orcs
  5 endoplasms
  2 giant cockroaches
  9 goblins
  6 hobgoblins
  11 jackals
  3 kobolds (D:3)
  2 quokkas
  3 ball pythons
  5 bats
  3 frilled lizards
  3 rats
86 creatures vanquished.

Vanquished Creatures (collateral kills)
  A hound (D:4)
  An orc priest (D:3)
  3 adders
  A dart slug (D:3)
  4 orcs
  A ball python (D:1)
  A giant cockroach (D:1)
  2 goblins
  2 hobgoblins (D:1)
  2 kobolds (D:4)
18 creatures vanquished.

Vanquished Creatures (others)
  A bullfrog zombie (D:6)
  A hound zombie (D:6)
  An adder zombie (D:5)
  2 bat zombies
  A gnoll zombie (D:4)
  A frilled lizard zombie (D:3)
  2 giant cockroach zombies
  A goblin zombie (D:3)
  A hobgoblin zombie (D:2)
  2 jackal zombies
  A kobold zombie (D:3)
  6 orc zombies
  A rat zombie (D:3)
  2 withered plants (D:1)
23 creatures vanquished.

Grand Total: 127 creatures vanquished

Notes
Turn   | Place    | Note
-------+----------+-------------------------------------------
     0 | D:1      | BillyBaka the Minotaur Hunter began the quest for the Orb.
     0 | D:1      | Reached XP level 1. HP: 18/18 MP: 0/0
    31 | D:1      | Found a faded altar of an unknown god.
   145 | D:1      | Prayed at the altar of an unknown god.
   145 | D:1      | Became a worshipper of Yredelemnul the Dark
   145 | D:1      | Reached * piety under Yredelemnul
   377 | D:1      | Reached skill level 1 in Stealth
   395 | D:1      | Reached XP level 2. HP: 25/25 MP: 1/1
   739 | D:2      | Reached XP level 3. HP: 30/30 MP: 2/2
   745 | D:2      | Found a hide-covered altar of Uskayaw.
   803 | D:2      | Reached skill level 5 in Ranged Weapons
  1163 | D:2      | Reached XP level 4. HP: 34/38 MP: 3/3
  1164 | D:2      | Reached ** piety under Yredelemnul
  1427 | D:3      | Found a blossoming altar of Fedhas.
  1740 | D:3      | Reached XP level 5. HP: 34/45 MP: 4/4
  1840 | D:3      | Found an iron altar of Okawaru.
  2108 | D:4      | Reached skill level 6 in Ranged Weapons
  2124 | D:4      | Reached XP level 6. HP: 25/52 MP: 5/5
  2985 | D:4      | Reached *** piety under Yredelemnul
  3207 | D:5      | Entered Level 5 of the Dungeon
  3218 | D:5      | Found a transporter.
  3219 | D:5      | Noticed Darkkill's ghost (amateur MiHu)
  3237 | D:5      | Found a transporter.
  3371 | D:5      | Reached XP level 7. HP: 53/60 MP: 4/6
  3429 | D:5      | Found a stormy altar of Qazlal.
  3917 | D:6      | Reached skill level 1 in Armour
  3921 | D:6      | Reached skill level 7 in Ranged Weapons
  3930 | D:6      | Found a staircase to the Ecumenical Temple.
  3995 | D:6      | Slain by an orc warrior

Illustrated notes

Levels and vault maps discovered:
D:1:      dpeg_arrival_water_temple_mockup, layout_basic,
          ebering_ecumenical_altar_petrified
D:2:      layout_loops_ring, basic_altar
D:3:      layout_rooms, nicolae_overflow_crystal_walls, fedhas_altar_3
D:4:      layout_loops_corners, minmay_between
D:5:      layout_gridville, overflow_temple_1_default, gammafunk_ghost_arena
D:6:      layout_basic, minmay_temple_entry_mist

Skill      XL: |  1  2  3  4  5  6  7 |
---------------+----------------------+-----
Stealth        | 1 2 3 |  3.1
Fighting       | 3 4 |  4.7
Ranged Weapons | 5 6 7 |  7.0
Dodging        | 3 4 |  4.3
Armour         | 1 |  1.4

Action                     |  1- 3 |  4- 6 |  7- 9 || total
---------------------------+-------+-------+-------++-------
  Melee: Shortbow          |       |     2 |       ||     2
   Fire: Shortbow          |    72 |   192 |    34 ||   298
    Use: Potion            |       |       |     1 ||     1
 Armour: Leather armour    |     3 |     5 |     5 ||    13
  Dodge: Dodged            |    18 |    52 |    19 ||    89

Table legend: (Time is in decaauts)
 A = Elapsed time spent in this place.
 B = Non-inter-level travel time spent in this place.
 C = Inter-level travel time spent in this place.
 D = Time resting spent in this place.
 E = Time spent auto-exploring this place.
 F = Levels seen in this place.
 G = Mean time per level.
                   A        B        C        D        E       F      G
               +--------+--------+--------+--------+--------+-----+--------+
         Total |   4067 |   3983 |     84 |    380 |   2758 |   6 |  677.8 |
       Dungeon |   4067 |   3983 |     84 |    380 |   2758 |   6 |  677.8 |
               +--------+--------+--------+--------+--------+-----+--------+

Top non-repeatable levels by time:
     D:4: 1212 daAuts
     D:1: 730 daAuts
     D:5: 691 daAuts
     D:2: 689 daAuts
     D:3: 636 daAuts
     D:6: 108 daAuts
